[Event "Slovakian ECo-C Extraliga 2024-25"]
[Site "Slovakia"]
[Date "2025.01.18"]
[Round "3.2"]
[White "Kaczur, Florian"]
[Black "Finek, Vaclav"]
[Result "1/2-1/2"]
[Annotator "TA"]
[ECO "B27"]
[WhiteElo "2479"]
[BlackElo "2483"]
[PlyCount "70"]
[EventDate "2024.09.12"]
[EventType "team-tourn"]
[EventCountry "SVK"]
[SourceTitle "playchess.com"]
[Source "ChessBase"]
[SourceQuality "1"]
[TimeControl "5400+30"]

1. e4 c5 2. Nf3 g6 3. c3 Bg7 4. d4 cxd4 5. cxd4 d5 6. e5 Nh6 {[%emt 0:00:08] B27: Sicilian: 2 Nf3, unusual Black 2nd moves.} 7. h3 O-O 8. Nc3 f6 {[%emt 0:00:04] White has an edge.} 9. exf6 Rxf6 10. Bg5 Re6+ 11. Be2 Nc6 12. Bxh6 $146 (12. g4 Nf7 13. Be3 Rd6 14. Qc2 e5 15. dxe5 Nfxe5 16. O-O-O d4 17. Bg5 Qf8 18. Ne4 {0-1 Groenhout,R (1863)-Stewart,S AUS-ch Res email 2020}) 12... Bxh6 13. Qb3 Rd6 14. O-O Bg7 15. Rad1 a6 {[%emt 0:00:04] [#]} 16. Ne5 $1 e6 17. f4 b5 {[%emt 0:00:03] Prevents Na4} 18. Bf3 Na5 19. Qc2 Bd7 20. b3 Rc8 {[%emt 0:00:04] [#]} 21. Qd2 Nc6 22. Ne2 Qb6 23. Kh1 Nxe5 24. fxe5 (24. dxe5 $5 Rdc6 $8 25. Nd4 $11) 24... Rdc6 25. Rc1 {[%emt 0:00:15] Wards off Rc2} b4 26. Rxc6 Rxc6 27. Qg5 {[%emt 0:00:08] Qe7 is the strong threat.} Qc7 28. Bg4 (28. Nf4 $16) 28... Be8 $11 29. Nf4 Bf7 {[%emt 0:00:04] and ...h6 should not be overlooked} 30. Nd3 Bf8 31. Kh2 a5 32. Qf4 Bg7 33. Kh1 (33. Nc5 $2 Rxc5 34. Rf2 (34. dxc5 $2 Bxe5 $19) 34... Rc2 $19) 33... Be8 (33... h5 $11 34. Bd1 Qe7) 34. Kh2 {[%emt 0:00:05] White is more active.} ({White should play} 34. Nc5 $14 Bf7 35. Rc1) 34... Bf7 35. Kh1 ({Don't go for} 35. Nc5 $2 Rxc5 36. Rf2 (36. dxc5 $2 {perishes.} Bxe5 $19) 36... Rc2 37. Rxc2 Qxc2 $19) 35... Bf8 {[%emt 0:00:03] Weighted Error Value: White=0.09 (flawless) /Black=0.11 (very precise)   Mistake:       	White=2     	Black=1      Inaccurate:     	---       	Black=5      OK:         	White=13    	Black=13     Best:        	---       	Black=1} 1/2-1/2

[Event "Slovakian ECo-C Extraliga 2024-25"]
[Site "Slovakia"]
[Date "2025.01.18"]
[Round "3.2"]
[White "Mazur, Stefan"]
[Black "Tazbir, Marcin"]
[Result "0-1"]
[Annotator "TA"]
[ECO "B90"]
[WhiteElo "2444"]
[BlackElo "2502"]
[PlyCount "94"]
[EventDate "2024.09.12"]
[EventType "team-tourn"]
[EventCountry "SVK"]
[SourceTitle "playchess.com"]
[Source "ChessBase"]
[SourceQuality "1"]
[TimeControl "5400+30"]

1. e4 c5 2. Nf3 d6 3. d4 cxd4 4. Nxd4 Nf6 5. Nc3 a6 6. h3 e5 7. Nde2 h5 8. g3 b5 9. Nd5 Bb7 10. Nec3 Nbd7 11. Bg5 Be7 12. Nxe7 Qxe7 13. Bg2 Qe6 14. O-O Rc8 15. f4 {[%emt 0:16:06] [#]} (15. h4 $14) 15... Rxc3 16. bxc3 $14 {[%emt 0:05:18] f5 poses a challenge} Nxe4 (16... Bxe4 $11 17. Re1 d5 (17... Bxg2 18. Kxg2 O-O 19. a4 $11)) 17. Bxe4 $16 Bxe4 {[%emt 0:00:47] [#]} 18. f5 $1 Qd5 (18... Bxf5 $2 19. Qf3 $18) 19. Qxd5 Bxd5 {[%emt 0:00:01] [#]} 20. Rad1 (20. Rfd1 $1 $16 Be4 (20... Nb6 $2 21. a4 $18) 21. Rxd6) 20... Bc4 $1 $11 21. Rxd6 Bxf1 22. Kxf1 {[%emt 0:00:21][%cal Of1e2][%mdl 4096] Endgame KRB-KRN} f6 $1 23. Bc1 (23. Rxa6 $5 O-O (23... fxg5 $2 24. Ra8+ Ke7 25. Rxh8 $18) 24. Be3 $11) 23... Kd8 24. Rxa6 Kc7 $1 25. Be3 Kb7 26. Re6 ({White should play} 26. Ra5 $16) 26... Ra8 27. Ke2 Rxa2 28. Kd3 h4 29. gxh4 {[%emt 0:04:58] aiming for Re7.} Ra4 30. Bf2 Rf4 31. Ke3 Nb6 32. Re7+ Kc6 33. Rxg7 (33. Re6+ $11 {was the only way to keep the balance.} Kc7 34. Re7+ Kc8 35. c4) 33... Nd5+ $17 34. Ke2 Nxc3+ 35. Ke1 Rxf5 36. Rg6 Kd5 37. Bb6 Rf3 38. Bd8 (38. h5) 38... Ke6 $19 (38... Rxh3 39. Bxf6 Rh2 40. Rg8 $15) 39. h5 Nd5 $1 ({Weaker is} 39... Rxh3 40. Rxf6+ Kd7 (40... Kd5 41. h6 $11) 41. Ba5 $15) 40. Rh6 $2 (40. h4 {keeps fighting.}) 40... Rxh3 41. Rh8 Kf5 42. Ba5 Ke4 {[%emt 0:03:19] aiming for ...Ke3.} 43. h6 Ne3 44. h7 Nxc2+ 45. Kf2 Ne3 46. Bd8 Nd5 47. Kg2 Rh5 0-1

[Event "Slovakian ECo-C Extraliga 2024-25"]
[Site "Slovakia"]
[Date "2025.01.18"]
[Round "3.2"]
[White "Ftacnik, Lubomir"]
[Black "Delgerdalai, Bayarjavkhlan"]
[Result "1-0"]
[Annotator "TA"]
[ECO "D40"]
[WhiteElo "2440"]
[BlackElo "2331"]
[PlyCount "111"]
[EventDate "2024.09.12"]
[EventType "team-tourn"]
[EventCountry "SVK"]
[SourceTitle "playchess.com"]
[Source "ChessBase"]
[SourceQuality "1"]
[TimeControl "5400+30"]

1. Nf3 d5 2. d4 Nf6 3. c4 e6 4. Nc3 c5 5. e3 a6 6. cxd5 exd5 7. g3 Nc6 8. Bg2 c4 9. Ne5 Bb4 10. Bd2 O-O 11. O-O Re8 12. Nxc6 bxc6 13. b3 Bf5 14. bxc4 Bd3 15. Re1 Bxc4 16. Na4 Ba3 17. Rb1 Ne4 18. Bb4 Bxb4 19. Rxb4 Rb8 (19... Nd6 $14) 20. Rxb8 $16 Qxb8 21. Qc2 Nd6 $1 22. Rb1 Qa7 23. Nc5 Rb8 {[%emt 0:01:08] Against Qb2} 24. h4 h6 25. Rb2 a5 26. Qb1 Rb5 27. a4 Rxb2 28. Qxb2 Qc7 29. Bh3 g6 30. Nd7 Bd3 (30... Qb7 $1 $11 {remains equal.} 31. Qa1 Ne4) 31. Qa3 $1 $36 {[%emt 0:07:08][%mdl 2048] White has strong initiative.} Ba6 (31... Be4 $16 32. Nf6+ Kh8) 32. Qc5 (32. Nf6+ $1 $18 {has better winning chances.} Kh8 (32... Kg7 $2 33. Qxd6 Qxd6 34. Ne8+ Kf8 35. Nxd6 $18) 33. e4 dxe4 34. Qc3) 32... Kg7 {[%emt 0:00:29] and ...Bc8 should not be overlooked} 33. Ne5 Bb7 34. Qa7 {[%emt 0:01:50] White has more active pieces.} Nc4 (34... Qd8 $16 35. Bg4 Qc7) 35. Nxc4 $1 $18 dxc4 {[%emt 0:00:02][%mdl 4096] Endgame KQB-KQB} 36. Qc5 Ba6 37. Bf1 (37. Bg2 $18 {and the rest is easy.}) 37... Qb7 38. Bxc4 (38. Qxa5 $6 c3 39. Bxa6 (39. Qxa6 $2 Qxa6 40. Bxa6 c2 $19) 39... Qb3 40. Qe5+ Kg8 $11) 38... Qb1+ 39. Kh2 Bxc4 40. Qxc4 $16 {[%emt 0:00:02] KQ-KQ. White is a pawn up.} Qe4 (40... Qf5 $16) 41. Qc5 $18 Qf3 42. Qe5+ (42. Qxa5 Qxf2+ 43. Kh3 Qf3 $11 (43... Qxe3 $2 44. Qe5+ Qxe5 45. dxe5 $18) (43... Qf1+ 44. Kh2 $11)) 42... Kg8 43. Qb8+ ({Inferior is} 43. Qxa5 Qxf2+ 44. Kh3 Qf1+ (44... Qxe3 45. Qe5 $11) 45. Kh2 Qf2+ 46. Kh3 Qf1+ 47. Kh2 Qe2+ 48. Kh3 Qc4 $11 (48... Qxe3 49. Qa8+ Kg7 50. Qxc6 $11) (48... Qf1+ 49. Kh2 $11)) 43... Kg7 (43... Kh7 {might work better.}) 44. Qf4 $1 Qe2 45. Kg2 Qc2 46. Qe5+ Kh7 (46... Kg8 $142 47. Qxa5 Qe4+ 48. Kf1 Qd3+ 49. Ke1 Qc4) 47. Qxa5 Qe4+ {[%emt 0:00:04] [#]} 48. Kf1 $1 Qd3+ {[%emt 0:00:41] [#]} 49. Ke1 $1 Qb1+ 50. Ke2 Qc2+ 51. Kf3 f5 (51... h5 $142 52. Qb4 Qf5+ 53. Kg2 Qe4+ 54. Kg1 c5 55. Qxc5 Qb1+ 56. Kg2 Qe4+ 57. Kh2 Qf3) 52. Qc7+ Kg8 53. Qd8+ Kf7 54. Qd7+ Kf8 55. Qe6 {[%emt 0:00:00] Black must now prevent a5. Repels Qe4+} Qxa4 56. Qf6+ 1-0

[Event "Slovakian ECo-C Extraliga 2024-25"]
[Site "Slovakia"]
[Date "2025.01.18"]
[Round "3.2"]
[White "Jakab, Bela"]
[Black "Laurusas, Tomas"]
[Result "1/2-1/2"]
[Annotator "TA"]
[ECO "B22"]
[WhiteElo "2346"]
[BlackElo "2580"]
[PlyCount "137"]
[EventDate "2024.09.12"]
[EventType "team-tourn"]
[EventCountry "SVK"]
[SourceTitle "playchess.com"]
[Source "ChessBase"]
[SourceQuality "1"]
[TimeControl "5400+30"]

1. e4 c5 2. Nf3 e6 3. c3 d5 4. exd5 Qxd5 5. d4 Nf6 6. Be2 cxd4 7. cxd4 Nc6 8. Nc3 Qd6 9. O-O Be7 10. Nb5 Qd8 11. Bf4 Nd5 12. Bg3 O-O 13. Rc1 a6 14. Nc3 Nf6 15. Qd2 {[%emt 0:07:11] B22: Sicilian: 2 c3.} Nh5 16. d5 $146 (16. Be5 Nxe5 17. Nxe5 Nf6 18. Bf3 Rb8 19. Rfd1 Qd6 20. Qe2 Nd5 21. Nc4 Nxc3 22. Rxc3 Qf4 {½-½ Seger,R (2370)-Krallmann,M (2240) Werther Schloss op 2nd 1996 (4)}) 16... Nxg3 17. hxg3 Nb4 18. Bc4 exd5 19. Bxd5 Bf5 20. Bxb7 Rb8 {[%emt 0:02:51] [#]} 21. Be4 Bxe4 (21... Qxd2 {simplifies} 22. Nxd2 Bxe4 23. Ndxe4 f5) 22. Nxe4 Nxa2 23. Ra1 Qxd2 24. Nexd2 {[%emt 0:00:12] Excellent horsemanship.} Nb4 25. g4 {[%emt 0:04:39] The position is equal.} Bf6 26. Rfb1 Rfe8 27. Ra4 Re6 28. b3 h6 29. Rc1 Nd3 30. Rcc4 Nb2 {[%emt 0:01:56][%cal Of6e7] [#] aiming for ...Be7!.} 31. Rab4 Rd8 32. Rc7 Nd3 33. Rbb7 Ne5 34. Nxe5 Bxe5 35. Rd7 Rd6 36. Rxd8+ Rxd8 $11 {[%emt 0:00:01][%mdl 4096] Endgame KRB-KRN} 37. Nf1 Rd1 38. g3 a5 39. Kg2 Bc3 40. Ne3 Rb1 41. Rb5 Ra1 42. f4 Ra2+ 43. Kf3 Be1 44. g5 hxg5 45. fxg5 Kh7 46. Kg4 Re2 47. Nf5 g6 48. Nd6 Kg7 49. Rb7 Rf2 50. Rb8 {[%emt 0:00:00] Threatens to win with Ne8+.} Bb4 51. Ne8+ Kf8 52. Nf6+ Ke7 53. Nd5+ Kd6 54. Nxb4 axb4 55. Rxb4 {[%emt 0:00:07] KR-KR. White is a pawn up.} Rb2 56. Rb7 Ke6 57. Rb6+ Ke5 58. Rb7 Ke6 59. Kf3 Rb1 60. b4 Ke5 61. Re7+ (61. Rxf7 $2 Rf1+ (61... Rxb4 62. Rf6 $11) 62. Ke3 Rxf7 $19) 61... Kd5 62. Rb7 (62. Rxf7 $2 Rf1+ (62... Rxb4 63. Rf6 $11) 63. Ke3 Rxf7 $19) 62... Ke5 63. b5 (63. Rxf7 $2 {is the wrong capture.} Rf1+ (63... Rxb4 64. Rf6 $11) 64. Ke3 Rxf7 $19) 63... Rb3+ 64. Kg4 Rb4+ 65. Kh3 Ke6 66. Rb6+ Kf5 67. Rf6+ Kxg5 68. Rxf7 Rxb5 69. Rf4 {[%emt 0:00:06] An even fight not without its subleties.   Weighted Error Value: White=0.04 (flawless) /Black=0.05 (flawless)   Inaccurate:     	---       	Black=2      OK:         	White=18    	Black=19     Best:        	White=3     	Black=4} 1/2-1/2

[Event "Slovakian ECo-C Extraliga 2024-25"]
[Site "Slovakia"]
[Date "2025.01.18"]
[Round "3.2"]
[White "Bochnicka, Vladimir"]
[Black "Ponizil, Cyril"]
[Result "1-0"]
[Annotator "TA"]
[ECO "B31"]
[WhiteElo "2345"]
[BlackElo "2455"]
[PlyCount "73"]
[EventDate "2024.09.12"]
[EventType "team-tourn"]
[EventCountry "SVK"]
[SourceTitle "playchess.com"]
[Source "ChessBase"]
[SourceQuality "1"]
[TimeControl "5400+30"]

1. e4 c5 2. Nf3 Nc6 3. Bb5 g6 4. O-O Bg7 5. Re1 Nf6 6. e5 Nd5 7. Nc3 Nc7 8. Bxc6 dxc6 9. h3 O-O 10. d3 Ne6 11. a4 $1 {[%emt 0:01:09][%mdl 4] is now more promising than 11.Ne4.} a5 {[%emt 0:00:07] B31: Sicilian: 2...Nc6 3 Bb5 g6.} 12. Be3 Nd4 13. Bf4 Ne6 {[%emt 0:15:00] The position is equal.} 14. Bg3 $146 (14. Qc1 Nxf4 15. Qxf4 Bf5 16. Ne4 {½-½ Hracek,Z (2550)-Halvax,G (2458) AUT-chT 2324 2023 (11.3)}) 14... b6 15. Qd2 f5 16. exf6 exf6 17. Re2 Ra7 (17... f5 $14) 18. Rae1 $16 Re7 19. Ne4 {[%emt 0:06:40] White is more active.} f5 (19... Rd7 $16) 20. Neg5 {[%emt 0:22:43] Excellent horsemanship.} ({White should try} 20. Nd6 $1 $18 {[%cal Rd6c8] and Nxc8 should not be overlooked} f4 21. Nxc8 Qxc8 22. Bh2 (22. Bh4 Ree8 $16)) 20... Rfe8 21. Be5 Nxg5 {[%emt 0:10:53] White now steadily converts the win.} ({Better is} 21... Nd4 $14 22. Nxd4 cxd4 23. Bxg7 Kxg7) 22. Qxg5 Qd5 23. Qf4 $36 {[%emt 0:07:39][%mdl 2048] White has strong initiative.} b5 24. Re3 Bf8 25. b3 {[%emt 0:00:43] White has a strong bishop and is better} h6 {[%emt 0:01:25] [#]} 26. h4 $1 Re6 {[%emt 0:03:56] [#]} (26... bxa4 $142 27. Qxa4 (27. bxa4 Kh7 $18) 27... Kh7 28. Qxa5 c4 29. Qxd5 cxd5 30. dxc4 (30. bxc4 dxc4 31. dxc4 Bb7 $18) 30... dxc4 31. bxc4 Re6) 27. h5 $1 $18 Qd7 (27... bxa4 28. bxa4) 28. hxg6 Rxg6 29. Bc3 Rg4 {[%emt 0:02:01] [#]} 30. Qh2 Rxe3 31. Rxe3 Qd5 32. Qe5 (32. Bxa5 f4 33. c4 Qf5) 32... Qxe5 33. Nxe5 Rg5 (33... f4 34. Nxg4 fxe3) 34. f4 ({Resist} 34. Bxa5 f4 35. Re1 Bh3 $18) ({Less strong is} 34. Nxc6 f4 35. Re4 bxa4 $14) 34... Rh5 (34... Rg7 35. Nxc6 (35. Bxa5 c4 $16) 35... Rb7 36. Nxa5 (36. Bxa5 bxa4 37. bxa4 Bd7 $16) 36... Rb6 37. axb5 Bd7) 35. Rg3+ {[%emt 0:00:50] White is clearly winning.} Kh7 36. Ng6 Bd6 {[%emt 0:00:32] [#]} 37. Ne7 $1 {[%emt 0:00:22] Weighted Error Value: White=0.21 (precise) /Black=0.62  Mistake:       	White=1     	Black=6      Inaccurate:     	White=2     	Black=3      OK:         	White=14    	Black=6      Best:        	---       	Black=1} 1-0

[Event "Slovakian ECo-C Extraliga 2024-25"]
[Site "Slovakia"]
[Date "2025.01.18"]
[Round "3.3"]
[White "Nemeth, Miklos"]
[Black "Gonda, Laszlo"]
[Result "1/2-1/2"]
[Annotator "TA"]
[ECO "C55"]
[WhiteElo "2424"]
[BlackElo "2485"]
[PlyCount "28"]
[EventDate "2024.09.12"]
[EventType "team-tourn"]
[EventCountry "SVK"]
[SourceTitle "playchess.com"]
[Source "ChessBase"]
[SourceQuality "1"]
[TimeControl "5400+30"]

1. e4 e5 2. Nf3 Nc6 3. Bc4 d6 4. O-O Be7 5. d4 Nf6 6. dxe5 Nxe5 7. Nxe5 dxe5 8. Qf3 {[%emt 0:00:04] C55: Two Knights: 4 d3, 4 d4 exd4 5 e5 and Max Lange Attack.} O-O {[%emt 0:00:04] The position is equal.} 9. Rd1 Qe8 {[%emt 0:00:04] [#] And now ...Bg4 would win.} 10. Qe2 $146 (10. h3 Qa4 11. b3 Qc6 12. Nc3 Be6 13. Nd5 Bd8 14. Bg5 Bxd5 15. exd5 Qc5 16. Qf5 {1-0 Martinez Carnicer,E (1738)-Merin Flores,M (1737) Aragon-chT Preferente Gr II 2018 (9.72)}) 10... Bc5 11. h3 {[%emt 0:00:03] Wards off Bg4} h6 12. a4 Be6 13. Nc3 a5 14. Bxe6 Qxe6 {[%emt 0:00:02] Not much happened in this game.   Weighted Error Value: White=0.08 (flawless) /Black=0.04 (flawless)   OK:         	White=3     	Black=2} 1/2-1/2

[Event "Slovakian ECo-C Extraliga 2024-25"]
[Site "Slovakia"]
[Date "2025.01.18"]
[Round "3.3"]
[White "Stachowiak, Kamil"]
[Black "Turcan, Richard"]
[Result "1-0"]
[Annotator "TA"]
[ECO "A37"]
[WhiteElo "2413"]
[BlackElo "2353"]
[PlyCount "63"]
[EventDate "2024.09.12"]
[EventType "team-tourn"]
[EventCountry "SVK"]
[SourceTitle "playchess.com"]
[Source "ChessBase"]
[SourceQuality "1"]
[TimeControl "5400+30"]

1. Nf3 c5 2. c4 Nc6 3. g3 g6 4. Bg2 Bg7 5. Nc3 d6 6. a3 a5 7. O-O e5 8. d3 Nge7 9. Ne1 Be6 10. Nc2 d5 11. cxd5 Nxd5 12. Ne3 Nde7 13. Nc4 O-O 14. f4 exf4 15. Bxf4 Nf5 16. Rb1 g5 17. Bd2 h6 18. Kh1 Rc8 19. Nb5 Qe7 (19... b6 $11) 20. Qe1 Bxc4 21. dxc4 Nfd4 (21... Qe6 $14 {deserves consideration.}) 22. e3 Nxb5 23. cxb5 Na7 24. b6 Nc6 25. Bxa5 Nxa5 26. Qxa5 Rcd8 {[%emt 0:06:04] [#]} (26... Rfd8 $142) 27. Rf5 (27. a4 $1) 27... Qxe3 28. Qxc5 (28. Rxc5 $2 Rd2 29. Rf5 Rxg2 (29... Rxb2 30. Rxb2 Bxb2 31. Qa7 $11) (29... Bxb2 30. Rbf1 $11) 30. Kxg2 Qe4+ 31. Kh3 Qxb1 $19) 28... Bd4 29. Qc7 {[%emt 0:03:37] White is more active.} ({White should try} 29. Qc4 $16) 29... Bxb6 (29... Qe6 $1 $14 30. Rff1 Qxb6 31. Qxb6 (31. Qxb7 Qxb7 32. Bxb7 Rb8 $11) 31... Bxb6) 30. Qxb7 $18 Rd2 $2 (30... Bd4 {is tougher.} 31. Rbf1 Qe6) 31. Rbf1 Qe6 32. Rf6 1-0

[Event "Slovakian ECo-C Extraliga 2024-25"]
[Site "Slovakia"]
[Date "2025.01.18"]
[Round "3.3"]
[White "Stohl, Igor"]
[Black "Ongut, Tamas Gunes"]
[Result "1/2-1/2"]
[Annotator "TA"]
[ECO "A20"]
[WhiteElo "2410"]
[BlackElo "2262"]
[PlyCount "43"]
[EventDate "2024.09.12"]
[EventType "team-tourn"]
[EventCountry "SVK"]
[SourceTitle "playchess.com"]
[Source "ChessBase"]
[SourceQuality "1"]
[TimeControl "5400+30"]

1. c4 e5 2. d3 Nf6 3. Nf3 Nc6 4. a3 a5 5. b3 g6 6. Bb2 d6 7. e3 Bg7 {[%emt 0:00:11] 7...Ne4 is a critical line. A20: English Opening: 1...e5.} 8. Be2 O-O 9. O-O Re8 10. Nc3 h6 11. Rc1 e4 12. Ne1 Bf5 13. Nb5 Ne5 14. dxe4 Bxe4 15. Nd3 Ned7 16. Bf3 Bxf3 17. Qxf3 Ne4 18. Bxg7 Kxg7 19. Rfd1 c6 20. Nc3 Nxc3 21. Rxc3 Qf6 22. Qxf6+ 1/2-1/2

[Event "Slovakian ECo-C Extraliga 2024-25"]
[Site "Slovakia"]
[Date "2025.01.18"]
[Round "3.3"]
[White "Kusa, Jakub"]
[Black "Rohacek, Miroslav"]
[Result "1-0"]
[Annotator "TA"]
[ECO "A46"]
[WhiteElo "2405"]
[BlackElo "2235"]
[PlyCount "93"]
[EventDate "2024.09.12"]
[EventType "team-tourn"]
[EventCountry "SVK"]
[SourceTitle "playchess.com"]
[Source "ChessBase"]
[SourceQuality "1"]
[TimeControl "5400+30"]

1. d4 Nf6 2. Nf3 e6 3. c4 d5 4. g3 Bb4+ 5. Bd2 Be7 6. Bg2 O-O 7. O-O c6 8. Qc2 a5 9. Bf4 Nbd7 10. Nbd2 Nh5 11. Be3 b6 12. Rfd1 Ba6 13. Ne5 Rc8 14. Rac1 Nhf6 15. Ndf3 Nxe5 16. Nxe5 Nd7 17. cxd5 cxd5 18. Nc6 Qe8 19. Nxe7+ Qxe7 20. Qd2 Nf6 21. f3 h6 22. Kf2 Qd7 23. g4 Rxc1 24. Rxc1 Rc8 25. h4 Rxc1 26. Qxc1 Qc8 (26... h5 $11 {keeps the balance.}) 27. Qxc8+ $16 Bxc8 {[%emt 0:00:07][%mdl 4096] Endgame KBB-KBN} 28. Bf4 Ne8 29. Bb8 a4 30. e3 Bd7 31. Bf1 Bc6 (31... g5 $142) 32. Ke1 g5 33. hxg5 hxg5 34. Kd2 f5 35. Be5 $1 Kf7 36. Kc3 $1 {[%emt 0:00:18] White is more active.} Nf6 {[%emt 0:01:04] [#]} 37. Kb4 $1 fxg4 38. Bxf6 Kxf6 39. fxg4 {[%emt 0:00:09] Bb5 would now be deadly. KB-KB} e5 $2 {[%emt 0:00:24][%mdl 8192] [#]} (39... Ke7 $16 40. Bb5 Bb7 41. Kxa4 e5) 40. Bb5 $1 $18 a3 $2 (40... Bb7) 41. bxa3 (41. Bxc6 $2 axb2 42. Bxd5 b1=Q+ $19 (42... b1=B $2 {perishes.} 43. Kb5 $18)) 41... Bb7 42. Be2 Bc6 43. a4 e4 44. a5 bxa5+ 45. Kxa5 Ke6 46. Bd1 Kd6 47. Kb6 1-0

[Event "Slovakian ECo-C Extraliga 2024-25"]
[Site "Slovakia"]
[Date "2025.01.18"]
[Round "3.3"]
[White "Babula, Vlastimil"]
[Black "Bures, Jaroslav"]
[Result "1/2-1/2"]
[Annotator "TA"]
[ECO "B12"]
[WhiteElo "2322"]
[BlackElo "2402"]
[PlyCount "59"]
[EventDate "2024.09.12"]
[EventType "team-tourn"]
[EventCountry "SVK"]
[SourceTitle "playchess.com"]
[Source "ChessBase"]
[SourceQuality "1"]
[TimeControl "5400+30"]

1. e4 c6 2. d4 d5 3. e5 Bf5 4. h4 h5 5. Bd3 Qd7 {[%emt 0:00:02] Black is weak on the dark squares} 6. Nf3 {[%emt 0:07:38] B12: Caro-Kann: Advance Variation.} Bg4 7. O-O $146 (7. c4 Nh6 8. Bxh6 Rxh6 9. Nc3 e6 10. c5 Qc7 11. Qc2 Bxf3 12. gxf3 a5 13. O-O-O {1-0 McCallum,E (1718)-Kapelinsky,A (1470) GEO World Cup-B U08 2024 (6)}) 7... e6 8. Nbd2 {[%emt 0:02:08] The position is equal.} Nh6 9. Qe1 Nf5 10. c3 Be7 11. Nh2 Bxh4 12. Nb3 b6 13. g3 Be7 14. Nxg4 {[%emt 0:00:18] White sacrificed a pawn} hxg4 15. Qe2 g6 16. Qxg4 {[%emt 0:01:12] A sharp opening} (16. Kg2 $14) 16... c5 $11 17. dxc5 bxc5 18. Rd1 Kf8 19. c4 Nc6 20. cxd5 (20. Be4 $11 d4 (20... Nxe5 21. Qe2 $15) 21. Na5 Nxe5 22. Qf4) 20... Nxe5 $17 21. Qe4 Qxd5 {[%emt 0:02:12] [#]} (21... Nxd3 $17 22. d6 (22. dxe6 Qxe6 23. Qxa8+ Kg7 $11) 22... Nxd6 23. Qxa8+ Kg7) 22. Qxd5 $16 {[%emt 0:00:20] Successful Defense White} exd5 23. Bxf5 gxf5 24. Rxd5 Nf3+ 25. Kf1 $1 c4 26. Na5 f4 27. Ke2 Ng1+ 28. Kf1 Nf3 29. gxf4 Rh2 ({Not} 29... Rh1+ $2 30. Kg2 $18) 30. Ke2 {[%emt 0:08:31] Weighted Error Value: White=0.12 (very precise) /Black=0.15 (very precise)   Mistake:       	White=2     	Black=1      Inaccurate:     	White=2     	Black=3      OK:         	White=12    	Black=11     Best:        	White=2     	Black=2      Strong:       	White=1     	---} 1/2-1/2

[Event "Slovakian ECo-C Extraliga 2024-25"]
[Site "Slovakia"]
[Date "2025.01.18"]
[Round "3.4"]
[White "Berczes, David"]
[Black "Bokros, Albert"]
[Result "1/2-1/2"]
[Annotator "TA"]
[ECO "E17"]
[WhiteElo "2406"]
[BlackElo "2380"]
[PlyCount "34"]
[EventDate "2024.09.12"]
[EventType "team-tourn"]
[EventCountry "SVK"]
[SourceTitle "playchess.com"]
[Source "ChessBase"]
[SourceQuality "1"]
[TimeControl "5400+30"]

1. d4 Nf6 2. Nf3 e6 3. c4 b6 4. g3 Bb7 5. Bg2 Be7 6. O-O O-O 7. Re1 a5 8. Nc3 Ne4 9. Qc2 $1 Nxc3 {[%emt 0:00:03] White is slightly better.} 10. bxc3 d6 11. e4 (11. Ng5 {feels hotter.} Bxg5 12. Bxb7 Ra7 13. Bxg5 Qxg5 14. Bg2) 11... Nd7 12. Bf4 Qc8 13. a4 Re8 {[%emt 0:00:08] The position is equal.} 14. Rad1 Bf8 15. e5 h6 16. d5 dxe5 17. Bxe5 exd5 {[%emt 0:00:03] Weighted Error Value: White=0.07 (flawless) /Black=0.05 (flawless)   Inaccurate:     	White=1     	---        OK:         	White=4     	Black=5      Strong:       	White=1     	---} 1/2-1/2

[Event "Slovakian ECo-C Extraliga 2024-25"]
[Site "Slovakia"]
[Date "2025.01.18"]
[Round "3.4"]
[White "Zetocha, Claudiu Andrei"]
[Black "Istona, Martin"]
[Result "1/2-1/2"]
[Annotator "TA"]
[ECO "A13"]
[WhiteElo "2294"]
[BlackElo "2218"]
[PlyCount "109"]
[EventDate "2024.09.12"]
[EventType "team-tourn"]
[EventCountry "SVK"]
[SourceTitle "playchess.com"]
[Source "ChessBase"]
[SourceQuality "1"]
[TimeControl "5400+30"]

1. c4 Nf6 2. g3 e6 3. Bg2 d5 4. Nf3 a6 5. b3 b6 6. O-O Nbd7 7. Bb2 Bb7 8. d3 Bd6 9. Nbd2 O-O 10. Qc2 Re8 11. Rfe1 Rc8 (11... Bf8 $11) 12. cxd5 $14 exd5 13. Bh3 Ra8 14. e4 dxe4 $1 15. dxe4 Ne5 16. Bxe5 Bxe5 17. Rad1 Qe7 18. Bg2 Rad8 19. Rc1 c5 20. Nc4 Bc7 21. e5 Nd7 {[%emt 0:00:28] [#]} (21... Ng4 $11) 22. Nd6 $1 $16 Bxd6 23. exd6 Qf6 {[%emt 0:00:19] [#]} (23... Qxd6 $2 {is the wrong capture.} 24. Ng5 g6 (24... Rxe1+ $2 25. Rxe1 Nf8 26. Bxb7 $18) 25. Bxb7 $18) 24. Ng5 $1 Qxg5 (24... Rxe1+ 25. Rxe1) 25. Bxb7 Nf6 26. Qd3 Qg6 27. Qxa6 {[%emt 0:02:05] White is much more active.} Rxd6 28. Rxe8+ Nxe8 {[%emt 0:00:02] [#]} 29. Qa8 $1 Qe6 {[%emt 0:01:00] [#]} 30. Kf1 ({White should play} 30. b4 $1 $16) 30... Kf8 $11 31. Re1 Qd7 32. Ba6 Qd8 33. Qb7 Qd7 34. Qb8 {[%emt 0:00:45][%cal Oe1e8] Black must now prevent Rxe8+!.} (34. Qxd7 {simplifies} Rxd7 35. Bb5 Rd8 36. Bxe8 Rxe8 37. Rxe8+ Kxe8 38. Ke2) 34... Qd8 35. Qb7 Qd7 36. Qxd7 Rxd7 {[%emt 0:00:01][%mdl 4096] Endgame KRB-KRN} 37. Bb5 Rd8 38. Bxe8 Rxe8 {[%emt 0:00:02] KR-KR} 39. Rd1 Re6 40. Rd7 h5 41. Rb7 g6 42. f4 Kg7 43. Kf2 Kf6 44. a4 Kg7 45. Kf3 Kf6 46. g4 hxg4+ 47. Kxg4 Rd6 48. h4 Kg7 49. h5 gxh5+ 50. Kxh5 c4 51. bxc4 Rc6 {[%emt 0:00:00] Repels Rc7} 52. Kg5 Rxc4 53. Rxb6 Rxa4 54. f5 Ra1 55. Rc6 1/2-1/2